 Dungeon Sprint DCSS version 0.19.1 (webtiles) character file.

24677 equalderp2856 the Sabretooth (level 12, -29/54 HPs)
             Began as a Felid Fighter on Dec 2, 2016.
             Was the Champion of Hepliaklqana.
             Killed from afar by an orb of fire (31 damage)
             ... with a fireball
             ... in the Dungeon (Sprint IX: "|||||||||||||||||||||||||||||").
             The game lasted 00:33:03 (14959 turns).

equalderp2856 the Sabretooth (Felid Fighter)       Turns: 14959, Time: 00:33:04

Health: -29/54     AC:  3    Str: 14    XL:     12   Next: 82%
Magic:  0/20       EV: 37    Int: 11    God:    Hepliaklqana [******]
Gold:   1561       SH:  0    Dex: 18    Spells: 0 memorised, 11 levels left
                                        Lives:  0   Deaths: 4

rFire  . . .     SeeInvis +       - Unarmed
rCold  + . .     Gourm    .     (armour unavailable)
rNeg   . . .     Faith    .     (shield unavailable)
rPois  .         Spirit   +     (helmet unavailable)
rElec  .         Reflect  .     (cloak unavailable)
rCorr  .         Harm     .     (gloves unavailable)
MR     ++...     NoTele   +     (boots unavailable)
Stlth  +++++++++.               t - amulet of guardian spirit
                                u - ring of protection from magic
                                n - +3 ring of dexterity

@: quick
A: no armour, no weapons or thrown items, stealth, reduced essence, claws 1,
fangs 3, see invisible, carnivore 3, clumsy 1, speed 1, shaggy fur 3, slow
metabolism 1, sharp paws
a: Recall Ancestor, Ancestor Identity, Transference, Idealise, Renounce Religion


You were in the Dungeon.
You worshipped Hepliaklqana.
Hepliaklqana was exalted by your worship.
You were not hungry.

You visited 1 branch You collected 1912 gold pieces.
You spent 351 gold pieces at shops.

Inventory:

Jewellery
 m - a +3 ring of intelligence
 n - a +3 ring of dexterity (left paw)
 t - an amulet of guardian spirit (around neck)
 u - a ring of protection from magic (right paw)
 v - an uncursed ring of fire
 w - an uncursed ring of protection from fire
 x - an uncursed amulet of regeneration
Wands
 l - a wand of iceblast (0/15)
 p - a wand of flame (0/48)
 s - a wand of iceblast (7/15)
Scrolls
 h - 2 scrolls of blinking
 j - 4 scrolls of remove curse
 k - 2 scrolls of amnesia
 q - 3 scrolls of fear
 r - a scroll of identify
Potions
 a - a potion of might
 c - 2 potions of curing
 e - 2 potions of haste
 f - 4 potions of magic
 g - 2 potions of berserk rage
 i - a potion of invisibility
 o - a potion of agility
Comestibles
 b - 10 meat rations


   Skills:
 + Level 12.2 Fighting
 + Level 23.1 Dodging
 + Level 23.3 Stealth
 O Level 27 Unarmed Combat
 + Level 9.6 Evocations


You had 11 spell levels left.
You didn't know any spells.

Dungeon Overview and Level Annotations

Branches:
Dungeon (1/1)

Altars:
Cheibriados
Dithmenos
Elyvilon
Fedhas
Gozag
Hepliaklqana
Kikubaaqudgha
Makhleb
Nemelex Xobeh
Okawaru
Qazlal
Ru
Sif Muna
Trog
Uskayaw
Vehumet
Xom
Yredelemnul
Zin
The Shining One
Beogh
Jiyva
Lugonu

Shops:
D =}(}


Innate Abilities, Weirdness & Mutations

You cannot wear armour.
You are incapable of wielding weapons or throwing items.
Your paws allow you to move quietly. (Stealth)
You have sharp claws.
You have razor-sharp teeth.
You have supernaturally acute eyesight. (SInv)
You are carnivorous and can eat meat at any time.
You cover ground quickly.
Your thick and shaggy fur keeps you warm. (AC +3, rC+)
You have a slow metabolism.
Your sharp claws are effective at attacking unaware monsters.
Your life essence is reduced. (-10% HP)
You are clumsy. (Dex -2)


Message History

Here: a death knight, wielding an enchanted broad axe and wearing a chain mail (lightly wounded, sheltered from injuries, reflecting injuries)
The floor, spattered with blood.
There are monsters nearby!
You see here a large rock.
The orb of fire glows yellow.
The fireball explodes!
The fireball engulfs you!
Ouch! That really hurt!
* * * LOW HITPOINT WARNING * * *
You see here a large rock.
Things that are here:
a trident; a robe The orb of fire glows deep purple.
Strange energies course through your body.
You feel clumsy.
Things that are here:
an uncursed arbalest; 10 bolts The orb of fire glows deep purple.
The fireball explodes!
The fireball engulfs you!
Ouch! That really hurt!
You die...

▓▓▓▓▓▓▓▓▓▓▓▓▓▓▓▓▓▓▓▓▓▓▓▓▓▓
.H.....'...)HppM[p)*.(...▓
▓▓▓▓▓▓▓▓▓▓▓▓▓▓▓▓▓▓▓▓▓▓▓▓(▓
)....(.....)....@)....*..▓
▓▓▓▓▓▓▓▓▓▓▓▓▓▓▓▓▓▓▓▓▓▓▓▓▓▓
......)..'..(..(.........▓
▓▓▓▓▓▓▓▓▓▓▓▓▓▓▓▓▓▓▓▓▓▓▓▓)▓
...R......).((...()..).(.▓
▓▓▓▓▓▓▓▓▓▓▓▓▓▓▓▓▓▓▓▓▓▓▓▓▓▓
())))))))).....'.........▓
▓▓▓▓▓▓▓▓▓▓▓▓▓▓▓▓▓▓▓▓▓▓▓▓.▓
..........((....).R......▓


You could see an orb of fire.

Vanquished Creatures
  Saint Roka (D)
  An Orb Guardian (D)
  2 thorn hunters (D)
  A tengu reaver (D)
  A nagaraja (D)
  2 fire giants (D)
  3 frost giants (D)
  An ironheart preserver (D)
  A stone giant (D)
  2 ettins (D)
  2 merfolk javelineers (D)
  Snorg (D)
  A fire dragon (D)
  A yaktaur captain (D)
  2 great orbs of eyes (D)
  A naga warrior (D)
  A vault guard (D)
  3 rakshasas (D)
  Harold (D)
  2 ogre magi (D)
  A hydra (D)
  A satyr (D)
  A centaur warrior (D)
  A merfolk aquamancer (D)
  4 orc high priests (D)
  2 deep troll earth magi (D)
  Sonja (D)
  A naga sharpshooter (D)
  An unseen horror (D)
  2 sea snakes (D)
  A swamp dragon (D)
  A wizard (D)
  A hill giant (D)
  A necromancer (D)
  An ironbrand convoker (D)
  A naga ritualist (D)
  11 orc knights (D)
  An orb spider (D)
  An ugly thing (D)
  A manticore (D)
  A deep elf mage (D)
  An orc sorcerer (D)
  Psyche (D)
  2 guardian serpents (D)
  2 naga magi (D)
  5 spiny frogs (D)
  3 black mambas (D)
  3 demonic crawlers (D)
  3 yaktaurs (D)
  2 komodo dragons (D)
  An efreet (D)
  A troll (D)
  2 tyrant leeches (D)
  A jumping spider (D)
  2 hornets (D)
  A snapping turtle (D)
  A hippogriff (D)
  A spriggan (D)
  2 tarantellas (D)
  2 redbacks (D)
  3 vampire mosquitoes (D)
  An insubstantial wisp (D)
  A warg (D)
  A mottled dragon (D)
  2 water moccasins (D)
  2 porcupines (D)
  10 orc warriors (D)
  A swamp drake (D)
  A sky beast (D)
  A black bear (D)
  An ogre (D)
  A wolf (D)
  A boggart (D)
  A crocodile (D)
  8 bullfrogs (D)
  A hound (D)
  A quasit (D)
  5 orc wizards (D)
  2 worker ants (D)
  An adder skeleton (D)
  A leopard gecko (D)
  6 orcs (D)
  2 bat zombies (D)
  A goblin (D)
  A hobgoblin (D)
  2 kobolds (D)
  A leopard gecko skeleton (D)
  A rat (D)
  4 briar patches (D)
166 creatures vanquished.

Vanquished Creatures (collateral kills)
  A sphinx (D)
  A fire giant (D)
  A black mamba (D)
  A merfolk (D)
  A black bear (D)
  2 orc warriors (D)
  2 orc priests (D)
  An orc wizard (D)
  4 orcs (D)
14 creatures vanquished.

Vanquished Creatures (others)
  48 battlemagi (D)
  5 ancestors (D)
53 creatures vanquished.

Grand Total: 233 creatures vanquished

Notes
Turn   | Place    | Note
-------+----------+-------------------------------------------
     0 | D        | equalderp2856 the Felid Fighter began the quest for the Orb.
     0 | D        | Reached XP level 1. HP: 10/10 MP: 2/2
   105 | D        | Noticed a hound
   107 | D        | Reached skill level 5 in Unarmed Combat
   115 | D        | Reached XP level 2. HP: 14/14 MP: 3/3
   121 | D        | Reached skill level 5 in Dodging
   121 | D        | Reached skill level 1 in Stealth
   121 | D        | Reached skill level 6 in Unarmed Combat
   121 | D        | Reached XP level 3. HP: 15/18 MP: 4/4
   174 | D        | Found a roughly hewn altar of Beogh.
   174 | D        | Found a snail-covered altar of Cheibriados.
   174 | D        | Found a shadowy altar of Dithmenos.
   174 | D        | Found a white marble altar of Elyvilon.
   174 | D        | Found a blossoming altar of Fedhas.
   174 | D        | Found an opulent altar of Gozag.
   175 | D        | Found a hazy altar of Hepliaklqana.
   176 | D        | Found a viscous altar of Jiyva.
   177 | D        | Found an ancient bone altar of Kikubaaqudgha.
   178 | D        | Found a corrupted altar of Lugonu.
   179 | D        | Found a burning altar of Makhleb.
   180 | D        | Found a sparkling altar of Nemelex Xobeh.
   181 | D        | Found an iron altar of Okawaru.
   182 | D        | Found a stormy altar of Qazlal.
   183 | D        | Became a worshipper of Hepliaklqana the Forgotten
   184 | D        | Found a sacrificial altar of Ru.
   185 | D        | Found a deep blue altar of Sif Muna.
   186 | D        | Found a bloodstained altar of Trog.
   187 | D        | Found a hide-covered altar of Uskayaw.
   188 | D        | Found a radiant altar of Vehumet.
   189 | D        | Found a shimmering altar of Xom.
   190 | D        | Found a basalt altar of Yredelemnul.
   191 | D        | Found a glowing silver altar of Zin.
   192 | D        | Found a glowing golden altar of the Shining One.
   223 | D        | Noticed a troll
   223 | D        | Noticed a sky beast
   223 | D        | Noticed an ogre
   245 | D        | Reached skill level 7 in Unarmed Combat
   245 | D        | Reached XP level 4. HP: 1/19 MP: 5/5
   324 | D        | Killed an ogre
   324 | D        | Reached skill level 5 in Fighting
   324 | D        | Reached skill level 9 in Unarmed Combat
   324 | D        | Reached XP level 5. HP: 23/23 MP: 6/6
   549 | D        | Killed a sky beast
   549 | D        | Reached skill level 10 in Unarmed Combat
   549 | D        | Gained mutation: You are covered in thick fur. (AC +2) [Felid growth]
   549 | D        | Reached XP level 6. HP: 12/27 MP: 7/7
   737 | D        | HP: 1/27 [troll (6)]
   753 | D        | Killed a troll
   753 | D        | Reached skill level 12 in Unarmed Combat
   753 | D        | Reached XP level 7. HP: 2/31 MP: 8/8
  1080 | D        | Noticed an unseen horror
  1080 | D        | Noticed a hornet
  1086 | D        | Mangled by a hornet
  1087 | D        | Reached XP level 6. HP: -7/27 MP: 7/7
  1096 | D        | Killed a hornet
  1096 | D        | Reached skill level 10 in Dodging
  1096 | D        | Reached skill level 5 in Stealth
  1096 | D        | Reached skill level 13 in Unarmed Combat
  1100 | D        | Killed a mottled dragon
  1100 | D        | Reached XP level 7. HP: 22/32 MP: 8/8
  1111 | D        | Reached skill level 1 in Evocations
  1126 | D        | Killed an unseen horror
  1126 | D        | Reached skill level 14 in Unarmed Combat
  1126 | D        | Reached XP level 8. HP: 17/36 MP: 9/9
  1289 | D        | Reached * piety under Hepliaklqana
  1347 | D        | Reached ** piety under Hepliaklqana
  1410 | D        | Remembered your ancestor Belessunu as a battlemage
  1439 | D        | Noticed a spiny frog
  1440 | D        | Noticed a komodo dragon
  1447 | D        | Noticed a komodo dragon
  1452 | D        | Noticed a black mamba
  1623 | D        | Killed a spiny frog
  1623 | D        | Reached skill level 15 in Unarmed Combat
  1912 | D        | Killed a komodo dragon
  1912 | D        | Reached skill level 16 in Unarmed Combat
  1912 | D        | Reached XP level 9. HP: 40/40 MP: 9/11
  1980 | D        | Killed a komodo dragon
  2248 | D        | Killed a black mamba
  2343 | D        | Noticed a four-headed hydra
  2343 | D        | Noticed a black mamba
  2345 | D        | Reached skill level 17 in Unarmed Combat
  2527 | D        | Killed a black mamba
  2847 | D        | Killed a four-headed hydra
  2847 | D        | Reached XP level 10. HP: 7/44 MP: 11/13
  3174 | D        | Reached skill level 18 in Unarmed Combat
  3234 | D        | Noticed a spiny frog
  3234 | D        | Noticed a spiny frog
  3234 | D        | Noticed a spiny frog
  3238 | D        | Killed a spiny frog
  3247 | D        | Killed a spiny frog
  3492 | D        | Killed a spiny frog
  3541 | D        | Reached *** piety under Hepliaklqana
  3559 | D        | Noticed Psyche
  3566 | D        | Killed Psyche
  3566 | D        | Reached skill level 5 in Evocations
  3768 | D        | Reached **** piety under Hepliaklqana
  3941 | D        | Noticed an orc knight
  3941 | D        | Reached skill level 19 in Unarmed Combat
  3994 | D        | Killed an orc knight
  4024 | D        | Reached skill level 15 in Dodging
  4044 | D        | Reached XP level 11. HP: 37/48 MP: 16/16
  4134 | D        | Noticed an orc knight
  4153 | D        | Killed an orc knight
  4153 | D        | Reached skill level 10 in Stealth
  4170 | D        | Found Zarag's Gadget Boutique.
  4170 | D        | Noticed an orc knight
  4170 | D        | Noticed an orc high priest
  4170 | D        | Noticed an orc knight
  4170 | D        | Noticed an orc knight
  4170 | D        | Noticed an orc high priest
  4171 | D        | Noticed an orc knight
  4172 | D        | Killed an orc high priest
  4173 | D        | Found Niepsuxi's Antique Weapon Shop.
  4264 | D        | Killed an orc knight
  4264 | D        | Reached skill level 20 in Unarmed Combat
  4420 | D        | Killed an orc high priest
  4458 | D        | Killed an orc knight
  4610 | D        | Killed an orc knight
  4701 | D        | Killed an orc knight
  4885 | D        | Noticed an orc high priest
  4892 | D        | Killed an orc high priest
  4892 | D        | Reached skill level 21 in Unarmed Combat
  5122 | D        | Noticed an orc knight
  5123 | D        | Noticed an orc knight
  5139 | D        | Killed an orc knight
  5395 | D        | Killed an orc knight
  5518 | D        | Found Eshrolow's Gadget Boutique.
  5522 | D        | Found Wehunkoe's Jewellery Shop.
  5525 | D        | Noticed an orc knight
  5526 | D        | Noticed an orc knight
  5527 | D        | Noticed an orc knight
  5528 | D        | Noticed an orc high priest
  5809 | D        | Killed an orc knight
  6221 | D        | Killed an orc knight
  6311 | D        | Killed an orc knight
  6339 | D        | Killed an orc high priest
  6339 | D        | Reached skill level 22 in Unarmed Combat
  6369 | D        | Bought a cursed amulet of guardian spirit for 351 gold pieces
  6450 | D        | Reached ***** piety under Hepliaklqana
  6668 | D        | Noticed a deep elf mage
  6668 | D        | Noticed a hill giant
  6669 | D        | Noticed a centaur warrior
  6670 | D        | Killed a hill giant
  6821 | D        | Killed a deep elf mage
  6821 | D        | Gained mutation: Your thick and shaggy fur keeps you warm. (AC +3, rC+) [Felid growth]
  6821 | D        | Reached XP level 12. HP: 46/52 MP: 16/18
  6838 | D        | Killed a centaur warrior
  6854 | D        | Noticed a frost giant
  6896 | D        | Killed a frost giant
  7069 | D        | Noticed an ettin
  7340 | D        | Killed an ettin
  7340 | D        | Reached skill level 10 in Fighting
  7340 | D        | Reached skill level 23 in Unarmed Combat
  7453 | D        | Noticed an ogre mage
  7459 | D        | Killed an ogre mage
  7464 | D        | Noticed a fire giant
  7472 | D        | Killed a fire giant
  7785 | D        | Noticed Saint Roka
  8162 | D        | Killed from afar by Saint Roka
  8163 | D        | Reached XP level 11. HP: 0/48 MP: 0/18
  8185 | D        | Noticed Snorg
  8195 | D        | Killed Snorg
  8604 | D        | Killed Saint Roka
  8604 | D        | Reached skill level 24 in Unarmed Combat
  8604 | D        | Reached XP level 12. HP: 33/52 MP: 3/20
  9058 | D        | Noticed a merfolk javelineer
  9058 | D        | Noticed a merfolk javelineer
  9058 | D        | Noticed a satyr
  9402 | D        | Killed a satyr
  9409 | D        | Reached skill level 25 in Unarmed Combat
  9418 | D        | Killed a merfolk javelineer
  9618 | D        | Killed a merfolk javelineer
  9634 | D        | Reached skill level 15 in Stealth
  9692 | D        | Noticed a merfolk aquamancer
  9984 | D        | Killed a merfolk aquamancer
 10080 | D        | Reached ****** piety under Hepliaklqana
 10080 | D        | Noticed a thorn hunter
 10084 | D        | Noticed a thorn hunter
 10268 | D        | Killed a thorn hunter
 10670 | D        | HP: 1/52 [thorn hunter/volley of thorns (20)]
 10672 | D        | Killed a thorn hunter
 10672 | D        | Reached skill level 26 in Unarmed Combat
 10672 | D        | Reached XP level 13. HP: 26/55 MP: 1/21
 11467 | D        | Noticed Sonja
 11477 | D        | Killed Sonja
 11524 | D        | Noticed Harold
 11545 | D        | Killed Harold
 11699 | D        | Noticed an ettin
 11700 | D        | Noticed a frost giant
 12002 | D        | Killed an ettin
 12041 | D        | HP: 2/55 [rakshasa (illusionary)/trident (12)]
 12414 | D        | Reached skill level 27 in Unarmed Combat
 12442 | D        | Killed a frost giant
 12526 | D        | Noticed a fire giant
 12527 | D        | Noticed a stone giant
 12756 | D        | Killed a fire giant
 12763 | D        | Hit by a large rock thrown by a stone giant
 12764 | D        | Reached XP level 12. HP: -24/54 MP: 0/20
 12876 | D        | Killed a stone giant
 13031 | D        | Killed a great orb of eyes
 13068 | D        | Noticed a frost giant
 13074 | D        | Killed a great orb of eyes
 13076 | D        | Noticed a fire giant
 13079 | D        | HP: 1/54 [frost giant/bolt of cold (23)]
 13454 | D        | Killed a frost giant
 13454 | D        | Reached XP level 13. HP: 55/56 MP: 21/21
 13472 | D        | Killed a fire giant
 13694 | D        | Noticed an ironheart preserver
 13694 | D        | Noticed a fire dragon
 13718 | D        | Noticed an ironheart preserver
 13718 | D        | Noticed a nagaraja
 13718 | D        | Noticed a sphinx
 13753 | D        | Killed a nagaraja
 13862 | D        | Killed a sphinx
 13901 | D        | Noticed an Orb Guardian
 13901 | D        | Noticed a tengu reaver
 14230 | D        | Killed a tengu reaver
 14507 | D        | Demolished by an Orb Guardian
 14508 | D        | Reached XP level 12. HP: -14/54 MP: 0/20
 14786 | D        | Killed an Orb Guardian
 14791 | D        | Killed an ironheart preserver
 14942 | D        | Killed a fire dragon
 14947 | D        | Noticed a mummy priest
 14947 | D        | Noticed a sphinx
 14947 | D        | Noticed an orb of fire
 14951 | D        | HP: 1/54 [orb of fire/fireball (41)]
 14956 | D        | Gained mutation: You are clumsy. (Dex -2) [an orb of fire]
 14959 | D        | Killed from afar by an orb of fire

Skill      XL: |  1  2  3  4  5  6  7  8  9 10 11 12 13 |
---------------+----------------------------------------+-----
Unarmed Combat | 5 6 7 9 10 13 14 16 17 19 24 26 27 | 27.0
Fighting       | 4 5 7 8 9 12 11 | 12.2
Dodging        | 5 6 7 8 10 11 12 13 15 17 23 22 | 23.1
Stealth        | 1 2 3 5 7 8 9 12 23 22 | 23.3
Evocations     | 1 3 6 9 8 |  9.6

Action                   |  1- 3 |  4- 6 |  7- 9 | 10-12 | 13-15 || total
-------------------------+-------+-------+-------+-------+-------++-------
Melee: Unarmed           |    37 |    27 |    95 |   451 |   151 ||   761
       Bite              |     4 |     4 |    15 |    60 |    16 ||    99
       Punch             |       |     1 |     6 |    64 |    16 ||    87
Invok: Ancestor Life: Ba |       |       |     1 |       |       ||     1
       Ancestor Identity |       |       |     1 |       |       ||     1
Evoke: Wand              |       |     1 |    12 |    18 |       ||    31
  Use: Potion            |       |     1 |     5 |     8 |     2 ||    16
       Scroll            |       |       |       |     1 |     1 ||     2
 Stab: Sleeping          |     1 |       |     2 |     6 |     1 ||    10
       Distracted        |       |       |       |     7 |     5 ||    12
  Eat: Chunk             |       |       |       |     2 |       ||     2
       Meat ration       |       |       |       |     3 |       ||     3
Armor: Skin              |       |       |       |     3 |     1 ||     4
Dodge: Dodged            |    30 |    15 |    87 |   234 |    96 ||   462
